 Dungeon Crawl Stone Soup version 0.28-a0-10-g964c8b829e (webtiles) character file.

Game seed: 2580772999946979648

149 nelgraf2 the Insei (level 5, -4/42 HPs)
             Began as a Draconian Transmuter on July 26, 2021.
             Killed by nerve-wracking pain
             ... invoked by Grinder
              (14 damage)
             ... while paralysed by Grinder
             ... on level 3 of the Dungeon.
             The game lasted 00:05:55 (1920 turns).

nelgraf2 the Insei (Draconian Transmuter)           Turns: 1920, Time: 00:05:56

Health: -4/42      AC:  8    Str: 12    XL:     5   Next: 9%
Magic:  8/8        EV:  2    Int: 13    God:
Gold:   50         SH:  0    Dex: 13    Spells: 8/9 levels left

rFire   . . .      SeeInvis .   b - +4 short sword
rCold   . . .      Faith    .   (no shield)
rNeg    . . .      Spirit   .   (armour unavailable)
rPois   .          Reflect  .   (helmet restricted)
rElec   .          Harm     .   (no cloak)
rCorr   +          Rampage  .   (no gloves)
Will    .....                   g - +2 pair of boots
Stlth   +.........              j - amulet of regeneration
HPRegen 1.14/turn               m - ring of resist corrosion
MPRegen 0.11/turn               (no ring)

@: paralysed
A: AC +5, unfitting armour, cold-blooded
a: no special abilities


You were on level 3 of the Dungeon.
You visited 1 branch of the dungeon, and saw 3 of its levels.

You collected 88 gold pieces.
You spent 38 gold pieces at shops.

Inventory:

Hand Weapons
 b - a +4 short sword (weapon)
Missiles
 k - 3 curare-tipped darts (quivered)
Armour
 g - a +2 pair of boots (worn)
Jewellery
 j - an amulet of regeneration (around neck)
 m - a ring of resist corrosion (left hand)
Scrolls
 a - 2 scrolls of identify
 h - a scroll of enchant weapon {unknown}
 i - a scroll of teleportation {unknown}
 l - a scroll of amnesia {unknown}
 n - a scroll of magic mapping
 o - a scroll of immolation {unknown}
Potions
 c - a potion of curing
 d - a potion of flight
 e - a potion of attraction {unknown}
 f - a potion of brilliance


   Skills:
 + Level 2.3 Fighting
 - Level 0.4 Short Blades
 + Level 2.8 Dodging
 - Level 0.1 Stealth
 + Level 4.0 Unarmed Combat
 + Level 2.6 Spellcasting
 + Level 2.3 Transmutations


You had 8 spell levels left.
You knew the following spells:

 Your Spells              Type           Power      Damage    Failure   Level
a - Beastly Appendage     Tmut           14%        N/A       9%          1

Your spell library contained the following spells:

 Spells                   Type           Power      Damage    Failure   Level
 Wereblood                Tmut           7%         N/A       14%         2
 Animate Skeleton         Necr           2%         N/A       24%         1
 Apportation              Tloc           2%         N/A       24%         1
 Corona                   Hex            1%         N/A       24%         1
 Summon Small Mammal      Summ           4%         N/A       24%         1
 Sublimation of Blood     Necr           0%         N/A       36%         2
 Spider Form              Tmut/Pois      2%         N/A       41%         3
 Ice Form                 Ice/Tmut       4%         N/A       83%         4
 Petrify                  Tmut/Erth      4%         N/A       83%         4
 Irradiate                Conj/Tmut      2%         3d14      99%         5


Dungeon Overview and Level Annotations

Branches:
Dungeon (3/15)

Altars:
Hepliaklqana
Vehumet
Wu Jian
Zin

Shops:
D:2 *

Annotations:
D:3 Grinder


Innate Abilities, Weirdness & Mutations

Your plain brown scales are hard. (AC +5)
You cannot fit into any form of body armour.
You are cold-blooded and may be slowed by cold attacks.


Message History

Grinder is lightly wounded.
Grinder hits you but does no damage.
You hit Grinder.
You tail-slap Grinder, but do no damage.
Grinder is lightly wounded.
Grinder hits you!
You hit Grinder.
You tail-slap Grinder, but do no damage.
Grinder is moderately wounded.
Grinder gestures at you. You resist with significant effort.
You barely miss Grinder.
Grinder is moderately wounded.
Grinder hits you.
You writhe in agony.
You barely miss Grinder.
Grinder is moderately wounded.
Grinder gestures at you.
You barely resist. You hit Grinder.
Grinder is moderately wounded.
Grinder hits you.
You writhe in agony.
* * * LOW HITPOINT WARNING * * *
Grinder blinks!
As you read the scroll labelled RESHIO ZITU, it crumbles to dust.
It is a scroll of identify.
d - a potion of flight
As you read the scroll of identify, it crumbles to dust.
f - a potion of brilliance Grinder hits you.
You writhe in agony.
* * * LOW HITPOINT WARNING * * *
As you read the scroll of identify, it crumbles to dust.
c - a potion of curing Grinder gestures at you.
You suddenly lose the ability to move!
Grinder barely misses you. Grinder hits you.
* * * LOW HITPOINT WARNING * * *
Grinder gestures at you. Pain shoots through your body!
You die...

#.##...##..#...##.#
#.#†.#.#..###.###.#
#...##.#.## #...#.#
#....#......# ###..†#
#...)...#....# ##..#
..#........#.# #..#
....####.....# #..#
.......##....######.####
.....5..#.#@###........#
..(......#5.##........#
....(......>..........#
........####..........#
........# ###........#
.)......# #.###.####
.......## #...#.#
#$....# ###...# ######
##..#


You could see Grinder.

Vanquished Creatures
  9 adders
  2 worms (D:3)
  5 orcs (D:2)
  4 bats
  4 endoplasms
  2 giant cockroaches
  2 goblins
  6 hobgoblins
  6 jackals
  5 ball pythons
  3 frilled lizards
  8 kobolds
  3 rats (D:2)
59 creatures vanquished.

Vanquished Creatures (others)
  A fungus (D:2)
  A plant (D:2)
2 creatures vanquished.

Grand Total: 61 creatures vanquished

Notes
Turn   | Place    | Note
-------+----------+-------------------------------------------
     0 | D:1      | nelgraf2 the Draconian Transmuter began the quest for the
                  | Orb.
     0 | D:1      | Reached XP level 1. HP: 16/16 MP: 3/3
   411 | D:1      | Reached XP level 2. HP: 22/23 MP: 3/5
   993 | D:2      | Reached XP level 3. HP: 28/28 MP: 6/6
  1038 | D:2      | Found a hazy altar of Hepliaklqana.
  1125 | D:2      | Found a faded altar of an unknown god.
  1493 | D:2      | Reached XP level 4. HP: 33/36 MP: 7/7
  1497 | D:2      | Found Fuavopp's General Store.
  1506 | D:2      | Bought a scroll of magic mapping for 38 gold pieces
  1777 | D:3      | Found an ornate altar of the Wu Jian Council.
  1779 | D:3      | Found a glowing silver altar of Zin.
  1781 | D:3      | Found a radiant altar of Vehumet.
  1805 | D:3      | Reached skill level 4 in Unarmed Combat
  1861 | D:3      | Reached XP level 5. HP: 40/42 MP: 8/8
  1892 | D:3      | Noticed Grinder
  1895 | D:3      | Paralysed by Grinder for 2 turns
  1917 | D:3      | Paralysed by Grinder for 7 turns
  1920 | D:3      | Killed from afar by Grinder

Illustrated notes

Levels and vault maps discovered:
D:1:      lordsloth_arrival_two_stooges, layout_loops_ring,
          amcnicky_mini_rare_corridor_liquid
D:2:      layout_basic, basic_altar, shapermc_ecumenical_altar_acropolis,
          serial_shops, nicolae_square_shop, chequers_decorated_corner,
          serial_park_tiny_1
D:3:      layout_rooms, grunt_temple_overflow_open, dk_yredelemnul_ordeal,
          uniq_grinder

Skill      XL: |  1  2  3  4 |
---------------+-------------+-----
Dodging        | 2 |  2.8
Fighting       | 2 |  2.3
Unarmed Combat | 4 |  4.0
Short Blades   | |  0.4
Stealth        | |  0.1
Spellcasting   | |  2.6
Transmutations | |  2.3

Action                   |  1- 3 |  4- 6 || total
-------------------------+-------+-------++-------
Melee: Unarmed           |    27 |       ||    27
       Kick              |     3 |       ||     3
       Tailslap          |     6 |     8 ||    14
       Short sword       |    66 |    70 ||   136
       Punch             |     1 |       ||     1
 Cast: Beastly Appendage |     6 |       ||     6
  Use: Scroll            |       |     3 ||     3
Armor: Skin              |    30 |    25 ||    55
Dodge: Dodged            |    63 |    48 ||   111

Table legend: (Time is in decaauts)
 A = Elapsed time spent in this place.
 B = Non-inter-level travel time spent in this place.
 C = Inter-level travel time spent in this place.
 D = Time resting spent in this place.
 E = Time spent auto-exploring this place.
 F = Levels seen in this place.
 G = Mean time per level.
                   A        B        C        D        E       F      G
               +--------+--------+--------+--------+--------+-----+--------+
         Total |   1932 |   1875 |     57 |      0 |   1490 |   3 |  644.0 |
       Dungeon |   1932 |   1875 |     57 |      0 |   1490 |   3 |  644.0 |
               +--------+--------+--------+--------+--------+-----+--------+

Top non-repeatable levels by time:
     D:1: 981 daAuts
     D:2: 678 daAuts
     D:3: 272 daAuts
